 Dungeon Crawl Stone Soup version 0.27-a0-1101-ge311f74bc8 (webtiles) character file.

Game seed: 7641848762193217519

48 senseless the Insei (level 3, 0/27 HPs)
             Began as a Djinni Transmuter on Apr 28, 2021.
             Slain by a gnoll
             ... wielding a +0 whip
              (6 damage)
             ... on level 2 of the Dungeon.
             The game lasted 00:03:12 (2282 turns).

senseless the Insei (Djinni Transmuter)             Turns: 2282, Time: 00:03:13

Health: 0/27       AC:  2    Str: 10    XL:     3   Next: 72%
Gold:   82         EV: 12    Int: 14    God:
                   SH:  0    Dex: 13

rFire    + + .     SeeInvis .     - Unarmed
rCold    x . .     Faith    .   (no shield)
rNeg     . . .     Spirit   .   a - +0 robe
rPois    ∞         Reflect  .   (helmet currently unavailable)
rElec    .         Harm     .   (no cloak)
rCorr    .         Rampage  .   (no gloves)
Will     .....                  (boots unavailable)
Stlth    +.........             (no amulet)
HPRegen  0.09/turn              (no ring)
MPRegen  0.00/turn              (no ring)

@: appendages (expiring), flying
A: horns 2, flying, fire resistance 2, cold vulnerability 1, float, innate
caster, hp casting, extra vitality 1
a: End Transformation


You were on level 2 of the Dungeon.
You had temporarily grown beastly horns.
You visited 1 branch of the dungeon, and saw 2 of its levels.

You collected 82 gold pieces.

Inventory:

Armour
 a - a +0 robe (worn)
 d - a +0 helmet (melded)
Scrolls
 b - 3 scrolls of identify {unknown}
 e - 3 scrolls of amnesia {unknown}
 h - a scroll of magic mapping
Potions
 c - a potion of cancellation {unknown}
 f - a potion of invisibility {unknown}
 g - 2 potions of heal wounds {unknown}


   Skills:
 + Level 1.1 Fighting
 + Level 2.7 Dodging
 + Level 0.1 Stealth
 + Level 3.8 Unarmed Combat
 + Level 2.3 Spellcasting


You couldn't memorise any spells.
You knew the following spells:

 Your Spells              Type           Power      Damage    Failure   Level
a - Beastly Appendage     Tmut           16%        N/A       9%          1
b - Wereblood             Tmut           8%         N/A       14%         2
c - Spider Form           Tmut/Pois      4%         N/A       26%         3
d - Ice Form              Ice/Tmut       8%         N/A       65%         4
e - Hydra Form            Tmut           4%         N/A       94%         5
f - Summon Small Mammal   Summ           32%        N/A       9%          1
Your spell library was empty.

Dungeon Overview and Level Annotations

Branches:
Dungeon (2/15)

Altars:


Innate Abilities, Weirdness & Mutations

You have temporarily grown beastly horns.
You are flying.
You are immune to poison.
Your flesh is very heat resistant. (rF++)
You are vulnerable to cold. (rC-)
You float through the air rather than walking.
You learn spells naturally, not from books.
Your magical power is your life essence.
You have superior vitality. (+4 HP)


Message History

3 gnolls come into view.
The gnoll shouts! x2
The gnoll moves out of view.
You start waiting.
A gnoll is nearby!
Casting: Beastly Appendage (safe; 10% risk of failure)
Confirm with . or Enter, or press ? or * to list all spells.
You grow a pair of large bovine horns.
Your +0 helmet melds into your body.
You hit the gnoll.
The gnoll is lightly wounded.
You closely miss the gnoll.
The gnoll is lightly wounded.
The gnoll closely misses you.
You punch the gnoll!
The gnoll is severely wounded.
The gnoll closely misses you.
You hit the gnoll.
The gnoll is severely wounded.
The gnoll hits you with a +0 club.
You hit the gnoll but do no damage. You headbutt the gnoll.
You kill the gnoll!
You hit the gnoll. You headbutt the gnoll.
The gnoll is heavily wounded.
The gnoll hits you with a +0 whip.
You hit the gnoll.
You headbutt the gnoll, but do no damage.
The gnoll is severely wounded.
Your transformation is almost over.
The gnoll hits you with a +0 whip!
* * * LOW HITPOINT WARNING * * *
You are too injured to fight recklessly!
You are too injured to fight recklessly!
You hit the gnoll.
The gnoll is almost dead.
The gnoll barely misses you.
You barely miss the gnoll.
You headbutt the gnoll, but do no damage.
The gnoll is almost dead.
The gnoll hits you with a +0 whip.
You die...

..g..# ....#
....### .......
####....##
#........#
#.##.###.#
#g##.# #@##.#
#+# #.##.# #.#
#.##.# #####.#
#.##.###.#
#.....#
#........#
#......
####.#####
#...... #.#
#†.....
#.#######.....#
#...........###


You could see a gnoll.

Vanquished Creatures
  A gnoll (D:2)
  An adder (D:2)
  A worm (D:2)
  A giant cockroach (D:1)
  5 goblins
  3 hobgoblins (D:2)
  A quokka (D:2)
  4 ball pythons
  5 bats
  A frilled lizard (D:1)
  2 kobolds (D:1)
  3 rats (D:1)
28 creatures vanquished.

Notes
Turn   | Place    | Note
-------+----------+-------------------------------------------
     0 | D:1      | senseless the Djinni Transmuter began the quest for the
                  | Orb.
     0 | D:1      | Reached XP level 1. HP: 17/17 MP: 0/0
   328 | D:1      | Reached XP level 2. HP: 17/22 MP: 0/0
  1428 | D:2      | Found a faded altar of an unknown god.
  1706 | D:2      | Reached XP level 3. HP: 23/27 MP: 0/0
  1706 | D:2      | Learned a level 1 spell: Summon Small Mammal
  2282 | D:2      | Slain by a gnoll

Illustrated notes

Levels and vault maps discovered:
D:1:      amcnicky_arrival_double_pillar, layout_basic, minmay_octomino_e4
D:2:      minmay_door_path, layout_loops_corners,
          hellmonk_ecumenical_altar_pennies_from_heaven,
          chequers_hall_statues_corner_a

Skill      XL: |  1  2 |
---------------+-------+-----
Spellcasting   | 2 |  2.3
Fighting       | |  1.1
Dodging        | |  2.7
Stealth        | |  0.1
Unarmed Combat | |  3.8

Action                   || total
-------------------------++-------
Melee: Unarmed           ||   108
       Headbutt          ||    16
 Cast: Beastly Appendage ||    21
  Use: Scroll            ||     5
 Stab: Sleeping          ||     1
Armor: Robe              ||    18
Dodge: Dodged            ||    67

Table legend: (Time is in decaauts)
 A = Elapsed time spent in this place.
 B = Non-inter-level travel time spent in this place.
 C = Inter-level travel time spent in this place.
 D = Time resting spent in this place.
 E = Time spent auto-exploring this place.
 F = Levels seen in this place.
 G = Mean time per level.
                   A        B        C        D        E       F      G
               +--------+--------+--------+--------+--------+-----+--------+
         Total |   2274 |   2248 |     26 |     20 |   1992 |   2 | 1137.0 |
       Dungeon |   2274 |   2248 |     26 |     20 |   1992 |   2 | 1137.0 |
               +--------+--------+--------+--------+--------+-----+--------+

Top non-repeatable levels by time:
     D:1: 1156 daAuts
     D:2: 1118 daAuts
